Nordiques vs Canucks

Created - January 16, 2019 at 19:01

Goals
1 2 3 T
Nordiques 1 1 2 4
Canucks 1 0 1 2
Shots
1 2 3 T
Nordiques 12 13 16 41
Canucks 9 4 13 26

1st period

1. Nordiques , Marc Savard 10 (Mark Eaton 9) at 2:52
2. Canucks , Chris Higgins 23 (Alex Goligoski 29) at 11:31

Penalties :
Brad Boyes (Van) for Hooking (Minor) at 11:53, Mike Ribeiro (Van) for Holding (Minor) at 0:00

2nd period

3. Nordiques , Vladimir Tarasenko 33 (Ryan Ellis 28, Jonathan Quick) at 12:25

Penalties :
Matt Stajan (Van) for Interference (Minor) at 4:27, Mike Ribeiro (Van) for Hooking (Minor) at 13:55

3rd period

4. Nordiques , Marc Savard 11 (Ryan Ellis 29, Vladimir Tarasenko 18) at 2:04
5. Canucks , Matt Stajan 10 (Alex Goligoski 30) at 3:16 (PP)
6. Nordiques , Chris Drury 5 (Ryan Ellis 30, Trevor Daley 7) at 13:37

Penalties :
Jean-Pierre Dumont (Que) for Goalie Interference (Minor) at 3:10, Alex Goligoski (Van) for High sticking (Minor) at 3:31, Jay Bouwmeester (Que) for Tripping (Minor) at 11:30

Goalie Stats

Jonathan Quick (Que), 24 saves from 26 shots - (0.923), W, 17-13-3, 60:00 minutes
Michal Neuvirth (Van), 37 saves from 41 shots - (0.902), L, 14-20-1, 60:00 minutes

Players Stats for Nordiques

Player Name              G  A  P  +/- PIM S  H  SB GA TA FO     MP     PP MP  PK MP  
------------------------------------------------------------------------------------
Chris Drury              1  0  1   1  0   6  1  0  0  0  5/9    13:28   0:00   0:00 
David Legwand            0  0  0   0  0   3  2  0  0  0  8/10   15:09   3:31   0:30 
Dustin Byfuglien         0  0  0   1  0   0  2  1  0  0  0/0    12:14   0:00   0:00 
Fedor Tyutin             0  0  0   1  0   0  0  1  0  0  0/0    20:58   4:25   0:58 
George Parros            0  0  0   0  0   3  2  0  0  0  0/1     7:28   0:19   0:00 
Jay Bouwmeester          0  0  0   1  2   2  0  1  0  0  0/0    25:40   5:31   0:00 
Jean-Pierre Dumont       0  0  0   0  2   3  0  0  0  0  0/0    11:18   0:00   0:00 
Kyle Calder              0  0  0   0  0   2  2  0  0  0  0/0     7:33   0:28   0:14 
Marc Savard              2  0  2   2  0   4  4  0  0  0  17/38  24:11   6:25   1:14 
Mark Eaton               0  1  1   1  0   0  1  2  0  0  0/0    13:21   0:00   1:07 
Matt Moulson             0  0  0   0  0   1  0  0  0  1  0/0    11:19   0:00   0:00 
Mike Fisher              0  0  0   2  0   2  1  0  2  1  5/6    22:57   6:25   0:00 
Paul Gaustad             0  0  0   0  0   0  2  0  0  0  0/2     7:21   0:00   0:30 
R.J. Umberger            0  0  0   1  0   2  2  0  0  0  0/0    16:29   3:03   0:27 
Ryan Callahan            0  0  0   1  0   3  1  1  0  1  1/1    16:29   3:12   0:00 
Ryan Ellis               0  3  3   1  0   6  1  1  0  1  0/0    26:39   5:31   0:58 
Trevor Daley             0  1  1   1  0   0  1  1  0  0  0/0    21:07   4:25   1:07 
Vladimir Tarasenko       1  1  2   2  0   4  0  0  1  0  2/2    24:12   6:25   1:15 

Players Stats for Canucks

Player Name              G  A  P  +/- PIM S  H  SB GA TA FO     MP     PP MP  PK MP  
------------------------------------------------------------------------------------
Alex Goligoski           0  2  2   0  2   3  3  1  1  1  0/0    27:01   1:10   5:06 
Brad Boyes               0  0  0  -1  2   3  0  0  0  1  3/5    22:19   1:11   4:45 
Chris Campoli            0  0  0   0  0   0  0  0  0  0  0/0    11:24   0:00   0:00 
Chris Higgins            1  0  1   0  0   2  2  0  0  0  0/0    16:22   0:54   1:27 
Danny DeKeiser           0  0  0   0  0   0  0  1  0  0  0/0    12:21   0:00   0:57 
Derek Boogaard           0  0  0  -1  0   3  1  0  0  0  1/2    18:24   1:11   2:29 
James Wright             0  0  0   0  0   0  1  0  0  0  2/3     5:39   0:00   0:14 
Jamie McBain             0  0  0  -3  0   1  0  2  1  0  0/0    20:14   0:55   3:30 
Jiri Hudler              0  0  0   0  0   2  2  0  0  0  1/1    15:03   0:54   0:00 
Johan Franzen            0  0  0  -2  0   0  0  0  0  0  1/3    15:05   0:00   2:49 
Justin Falk              0  0  0   0  0   0  0  1  0  0  0/0     3:32   0:00   0:23 
Ladislav Smid            0  0  0  -3  0   1  0  2  0  0  0/0    20:14   0:55   3:30 
Martins Karsums          0  0  0   0  0   0  2  0  0  0  0/0     5:25   0:00   0:00 
Matt Stajan              1  0  1  -1  2   6  4  0  0  0  15/37  25:39   1:11   5:12 
Mike Ribeiro             0  0  0   0  4   0  0  0  0  0  5/12   19:21   0:54   2:25 
Nik Antropov             0  0  0  -2  0   1  1  1  0  0  3/6    13:22   0:00   0:31 
Ryan Hollweg             0  0  0  -2  0   3  0  0  0  0  0/0    12:56   0:00   0:00 
Steve Montador           0  0  0   0  0   1  0  1  2  1  0/0    25:39   1:10   6:26 

3 Stars

1 - Marc Savard (Que)
2 - Vladimir Tarasenko (Que)
3 - Ryan Ellis (Que)

Power Play

Nordiques - 0 on 5 Attempt(s) - 0.00%
Canucks - 1 on 2 Attempt(s) - 50.00%

Penalty Kill

Nordiques - 1 on 2 Attempt(s) - 50.00% - Score 0 goal in Penalty Kill
Canucks - 5 on 5 Attempt(s) - 100.00% - Score 0 goal in Penalty Kill

Team Stat

Nordiques - Hits : 22 - Faceoff Wins : 38 - Blocked Shots : 8 - Penalty Minutes : 4
Canucks - Hits : 16 - Faceoff Wins : 31 - Blocked Shots : 9 - Penalty Minutes : 10

Official

Referees : Unknown
Linesman : Unknown

Game Notes

13:02 of 2nd period - Canucks goal is going for a video replay. After video review, No Goal. The puck has been directed, batted or thrown into the net by an attacking player other than with a stick.

Finance

Level 1 -- Attendance: 5115 (85.25%) -- Ticket Income $434,775
Level 2 -- Attendance: 4545 (90.90%) -- Ticket Income $231,795
Level 3 -- Attendance: 1818 (90.90%) -- Ticket Income $58,176
Level 4 -- Attendance: 4000 (100.00%) -- Ticket Income $80,000
Luxury Box -- Attendance: 1000 (100.00%) -- Ticket Income $100,000
Game was played at the Budweiser Coliseum.
Total Attendance: 16478 (91.54%)
Total Ticket Income: $904,746
Other Income: $135,712
Total Income: $1,040,458

Nordiques

5 vs 5 Forward 
   Center                   Left Wing                Right Wing               Time % Phy DF OF 
 1 Marc Savard              Mike Fisher              Vladimir Tarasenko       40     0   1  4  
 2 Chris Drury              R.J. Umberger            Ryan Callahan            30     1   1  3  
 3 David Legwand            Matt Moulson             Jean-Pierre Dumont       20     1   1  3  
 4 Paul Gaustad             Kyle Calder              George Parros            10     2   1  2  

5 vs 5 Defense 
   Defense                  Defense                                           Time % Phy DF OF 
 1 Jay Bouwmeester          Ryan Ellis                                        40     1   3  1  
 2 Fedor Tyutin             Trevor Daley                                      30     1   3  1  
 3 Dustin Byfuglien         Mark Eaton                                        20     1   3  1  
 4 Jay Bouwmeester          Ryan Ellis                                        10     1   3  1  

PowerPlay Forward 
   Center                   Left Wing                Right Wing               Time % Phy DF OF 
 1 Marc Savard              Mike Fisher              Vladimir Tarasenko       60     0   0  5  
 2 David Legwand            R.J. Umberger            Ryan Callahan            40     0   0  5  

PowerPlay Defense
   Defense                  Defense                                           Time % Phy DF OF 
 1 Jay Bouwmeester          Ryan Ellis                                        60     0   2  3  
 2 Trevor Daley             Fedor Tyutin                                      40     0   2  3  

Penalty Kill 4 Players Forward 
   Center                   Wing                     Time % Phy DF OF 
 1 Marc Savard              Vladimir Tarasenko       60     1   4  0  
 2 David Legwand            Paul Gaustad             40     1   4  0  

Penalty Kill 4 Players Defense
   Defense                  Defense                  Time % Phy DF OF 
 1 Fedor Tyutin             Ryan Ellis               60     1   4  0  
 2 Trevor Daley             Mark Eaton               40     1   4  0  

Penalty Kill - 3 Players Forward 
   Forward                                           Time % Phy DF OF 
 1 Marc Savard                                       60     0   5  0  
 2 Vladimir Tarasenko                                40     0   5  0  

Penalty Kill - 3 Players Defense
   Defense                  Defense                  Time % Phy DF OF 
 1 Fedor Tyutin             Ryan Ellis               60     1   4  0  
 2 Mark Eaton               Trevor Daley             40     1   4  0  

4 vs 4 Forward 
   Center                   Wing                     Time % Phy DF OF 
 1 Marc Savard              Vladimir Tarasenko       60     0   1  4  
 2 David Legwand            Chris Drury              40     0   1  4  

4 vs 4 Defense
   Defense                  Defense                  Time % Phy DF OF 
 1 Jay Bouwmeester          Ryan Ellis               60     1   4  0  
 2 Fedor Tyutin             Trevor Daley             40     1   4  0  

Last Minutes Offensive
   Center                   Left Wing                Right Wing               Defense                  Defense                  
   Marc Savard              Mike Fisher              Vladimir Tarasenko       Fedor Tyutin             Ryan Ellis               

Last Minutes Defensive
   Center                   Left Wing                Right Wing               Defense                  Defense                  
   Marc Savard              Paul Gaustad             Vladimir Tarasenko       Jay Bouwmeester          Ryan Ellis               

Goaltenders
Starting : Jonathan Quick           
Backup : Philipp Grubauer         

Extra Forwards
Normal : Vladimir Tarasenko, Ryan Callahan, David Legwand - PP : Vladimir Tarasenko, Ryan Callahan - PK : R.J. Umberger
Extra Defensemen
Normal : Ryan Ellis, Fedor Tyutin, Jay Bouwmeester - PP : Ryan Ellis - PK : Mark Eaton, Fedor Tyutin
Penalty Shots
Marc Savard, Vladimir Tarasenko, David Legwand, Chris Drury, Ryan Callahan

Scratches
Bruno Gervais (Healthy), Simon Gagné (Healthy), T.J. Fast (Healthy), Tim Crowder (Healthy), Julien Ellis (Healthy)

Canucks

5 vs 5 Forward 
   Center                   Left Wing                Right Wing               Time % Phy DF OF 
 1 Matt Stajan              Derek Boogaard           Brad Boyes               40     1   2  2  
 2 Mike Ribeiro             Chris Higgins            Jiri Hudler              30     1   2  2  
 3 Nik Antropov             Ryan Hollweg             Johan Franzen            20     1   2  2  
 4 James Wright             Matt Stajan              Martins Karsums          10     1   2  2  

5 vs 5 Defense 
   Defense                  Defense                                           Time % Phy DF OF 
 1 Alex Goligoski           Steve Montador                                    40     1   2  2  
 2 Jamie McBain             Ladislav Smid                                     30     1   2  2  
 3 Chris Campoli            Danny DeKeiser                                    20     1   2  2  
 4 Justin Falk              Alex Goligoski                                    10     1   2  2  

PowerPlay Forward 
   Center                   Left Wing                Right Wing               Time % Phy DF OF 
 1 Matt Stajan              Derek Boogaard           Brad Boyes               60     1   2  2  
 2 Mike Ribeiro             Chris Higgins            Jiri Hudler              40     1   2  2  

PowerPlay Defense
   Defense                  Defense                                           Time % Phy DF OF 
 1 Alex Goligoski           Steve Montador                                    60     1   2  2  
 2 Jamie McBain             Ladislav Smid                                     40     1   2  2  

Penalty Kill 4 Players Forward 
   Center                   Wing                     Time % Phy DF OF 
 1 Matt Stajan              Brad Boyes               60     1   2  2  
 2 Mike Ribeiro             Derek Boogaard           40     1   2  2  

Penalty Kill 4 Players Defense
   Defense                  Defense                  Time % Phy DF OF 
 1 Alex Goligoski           Steve Montador           60     1   2  2  
 2 Jamie McBain             Ladislav Smid            40     1   2  2  

Penalty Kill - 3 Players Forward 
   Forward                                           Time % Phy DF OF 
 1 Matt Stajan                                       60     1   2  2  
 2 Brad Boyes                                        40     1   2  2  

Penalty Kill - 3 Players Defense
   Defense                  Defense                  Time % Phy DF OF 
 1 Alex Goligoski           Steve Montador           60     1   2  2  
 2 Jamie McBain             Ladislav Smid            40     1   2  2  

4 vs 4 Forward 
   Center                   Wing                     Time % Phy DF OF 
 1 Matt Stajan              Brad Boyes               60     1   2  2  
 2 Mike Ribeiro             Derek Boogaard           40     1   2  2  

4 vs 4 Defense
   Defense                  Defense                  Time % Phy DF OF 
 1 Alex Goligoski           Steve Montador           60     1   2  2  
 2 Jamie McBain             Ladislav Smid            40     1   2  2  

Last Minutes Offensive
   Center                   Left Wing                Right Wing               Defense                  Defense                  
   Matt Stajan              Derek Boogaard           Brad Boyes               Alex Goligoski           Steve Montador           

Last Minutes Defensive
   Center                   Left Wing                Right Wing               Defense                  Defense                  
   Matt Stajan              Derek Boogaard           Brad Boyes               Alex Goligoski           Steve Montador           

Goaltenders
Starting : Michal Neuvirth          
Backup : Alex Stalock             

Extra Forwards
Normal : Nik Antropov, Ryan Hollweg, Johan Franzen - PP : Nik Antropov, Ryan Hollweg - PK : Johan Franzen
Extra Defensemen
Normal : Chris Campoli, Danny DeKeiser, Justin Falk - PP : Chris Campoli - PK : Danny DeKeiser, Justin Falk
Penalty Shots
Matt Stajan, Brad Boyes, Mike Ribeiro, Derek Boogaard, Chris Higgins

Scratches
Michael Latta (Healthy), Clarke MacArthur (Left Ankle Injury), Lane MacDermid (Healthy)

% Time on Ice - Nordiques

Lines # - Real PCT - Wanted PCT - Time Play
Normal Forward
1 - 35% - 40% - 16:50
2 - 27% - 30% - 12:59
3 - 24% - 20% - 11:19
4 - 14% - 10% - 6:51
Normal Defense
1 - 38% - 40% - 18:25
2 - 32% - 30% - 15:35
3 - 25% - 20% - 12:14
4 - 4% - 10% - 1:45
PP Forward
1 - 65% - 60% - 6:25
2 - 35% - 40% - 3:31
PP Defense
1 - 56% - 60% - 5:31
2 - 44% - 40% - 4:25
PK Forward
1 - 76% - 60% - 1:35
2 - 24% - 40% - 0:30
PK Defense
1 - 46% - 60% - 0:58
2 - 54% - 40% - 1:07
PK3 Forward
1 - 0% - 60%
2 - 0% - 40%
PK3 Defense
1 - 0% - 60%
2 - 0% - 40%
44 Forward
1 - 0% - 60%
2 - 0% - 40%
44 Defense
1 - 0% - 60%
2 - 0% - 40%
Last Minute Offensive  - 0:00
Last Minute Defensive  - 0:00
Total
Forward - 60:00
Defense - 60:00

% Time on Ice - Canucks

Lines # - Real PCT - Wanted PCT - Time Play
Normal Forward
1 - 35% - 40% - 16:57
2 - 29% - 30% - 13:55
3 - 24% - 20% - 11:42
4 - 11% - 10% - 5:25
Normal Defense
1 - 38% - 40% - 18:03
2 - 33% - 30% - 15:49
3 - 24% - 20% - 11:24
4 - 6% - 10% - 2:43
PP Forward
1 - 57% - 60% - 1:11
2 - 43% - 40% - 0:54
PP Defense
1 - 56% - 60% - 1:10
2 - 44% - 40% - 0:55
PK Forward
1 - 77% - 60% - 7:38
2 - 23% - 40% - 2:18
PK Defense
1 - 65% - 60% - 6:26
2 - 35% - 40% - 3:30
PK3 Forward
1 - 0% - 60%
2 - 0% - 40%
PK3 Defense
1 - 0% - 60%
2 - 0% - 40%
44 Forward
1 - 0% - 60%
2 - 0% - 40%
44 Defense
1 - 0% - 60%
2 - 0% - 40%
Last Minute Offensive  - 0:00
Last Minute Defensive  - 0:00
Total
Forward - 60:00
Defense - 60:00

Play-by-Play

1st period


0:01 of 1st period - Matt Stajan wins face-off versus Marc Savard in neutral zone.
0:37 of 1st period - Chris Drury is hit by Jiri Hudler and loses puck.
0:52 of 1st period - Ladislav Smid is hit by David Legwand and loses puck.
2:22 of 1st period - Backhand shot by George Parros.
2:22 of 1st period - Stopped by Michal Neuvirth with a rebound.
2:34 of 1st period - Slapshot by Ryan Callahan.
2:34 of 1st period - Shot Blocked by Justin Falk.
2:52 of 1st period - Backhand shot by Marc Savard.
2:52 of 1st period - Goal by Marc Savard - Nordiques : 1 - Canucks : 0.
2:53 of 1st period - Marc Savard wins face-off versus Matt Stajan in neutral zone.
3:47 of 1st period - Wrist shot by Ryan Hollweg.
3:47 of 1st period - Stopped by Jonathan Quick without a rebound.
3:48 of 1st period - Vladimir Tarasenko wins face-off versus Matt Stajan in Nordiques zone.
4:24 of 1st period - Snap shot by Chris Higgins.
4:24 of 1st period - Deflect By Ryan Callahan.
4:24 of 1st period - Shot Blocked by Jay Bouwmeester.
4:24 of 1st period - Puck is out of play.
4:25 of 1st period - David Legwand wins face-off versus Matt Stajan in Nordiques zone.
4:32 of 1st period - Snap shot by David Legwand.
4:32 of 1st period - Shot Blocked by Danny DeKeiser.
4:40 of 1st period - Slapshot by Matt Stajan.
4:40 of 1st period - Stopped by Jonathan Quick with a rebound.
5:16 of 1st period - Slapshot by Ryan Ellis.
5:16 of 1st period - Stopped by Michal Neuvirth without a rebound.
5:17 of 1st period - Matt Stajan wins face-off versus Paul Gaustad in Canucks zone.
5:17 of 1st period - Matt Stajan is hit by Kyle Calder.
8:00 of 1st period - Wrist shot by Kyle Calder.
8:00 of 1st period - Stopped by Michal Neuvirth with a rebound.
8:02 of 1st period - Snap shot by George Parros.
8:02 of 1st period - Shot Misses the Net.
8:33 of 1st period - Slapshot by Nik Antropov.
8:33 of 1st period - Shot Misses the Net.
8:39 of 1st period - Alex Goligoski is hit by Ryan Callahan and loses puck.
9:37 of 1st period - Snap shot by George Parros.
9:37 of 1st period - Stopped by Michal Neuvirth without a rebound.
9:38 of 1st period - Chris Drury wins face-off versus Derek Boogaard in Canucks zone.
10:05 of 1st period - Mark Eaton is hit by Chris Higgins and loses puck.
10:40 of 1st period - Snap shot by Kyle Calder.
10:40 of 1st period - Stopped by Michal Neuvirth with a rebound.
10:54 of 1st period - Mike Ribeiro is hit by Trevor Daley and loses puck.
11:07 of 1st period - Snap shot by Marc Savard.
11:07 of 1st period - Deflect By Alex Goligoski.
11:07 of 1st period - Shot Blocked by Alex Goligoski.
11:07 of 1st period - Puck is out of play.
11:08 of 1st period - James Wright wins face-off versus Marc Savard in Canucks zone.
11:31 of 1st period - Slapshot by Chris Higgins.
11:31 of 1st period - Goal by Chris Higgins - Nordiques : 1 - Canucks : 1.
11:32 of 1st period - Brad Boyes wins face-off versus Marc Savard in neutral zone.
11:35 of 1st period - Snap shot by Alex Goligoski.
11:35 of 1st period - Deflect By Brad Boyes.
11:35 of 1st period - Stopped by Jonathan Quick with a rebound.
11:53 of 1st period - Minor Penalty to Brad Boyes for Hooking.
11:54 of 1st period - Matt Stajan wins face-off versus Marc Savard in Canucks zone.
12:05 of 1st period - Slapshot by Jay Bouwmeester.
12:05 of 1st period - Stopped by Michal Neuvirth without a rebound.
12:06 of 1st period - Matt Stajan wins face-off versus Marc Savard in Canucks zone.
12:17 of 1st period - Wrist shot by Matt Stajan.
12:17 of 1st period - Stopped by Jonathan Quick with a rebound.
12:39 of 1st period - Wrist shot by David Legwand.
12:39 of 1st period - Stopped by Michal Neuvirth with a rebound.
12:59 of 1st period - Off-side.
13:00 of 1st period - Mike Ribeiro wins face-off versus David Legwand in neutral zone.
13:53 of 1st period - Penalty to Brad Boyes is over, Brad Boyes is back on ice.
14:03 of 1st period - Steve Montador is hit by Kyle Calder and loses puck.
14:08 of 1st period - Snap shot by George Parros.
14:08 of 1st period - Stopped by Michal Neuvirth without a rebound.
14:09 of 1st period - David Legwand wins face-off versus Matt Stajan in Canucks zone.
14:43 of 1st period - Wrist shot by Jiri Hudler.
14:43 of 1st period - Stopped by Jonathan Quick without a rebound.
14:44 of 1st period - Marc Savard wins face-off versus Mike Ribeiro in Nordiques zone.
14:53 of 1st period - Slapshot by Ryan Ellis.
14:53 of 1st period - Stopped by Michal Neuvirth without a rebound.
14:54 of 1st period - Matt Stajan wins face-off versus Mike Fisher in Canucks zone.
14:59 of 1st period - Slapshot by Matt Stajan.
14:59 of 1st period - Shot Misses the Net.
15:54 of 1st period - Off-side.
15:55 of 1st period - Marc Savard wins face-off versus Matt Stajan in neutral zone.
16:28 of 1st period - Snap shot by Matt Stajan.
16:28 of 1st period - Shot Blocked by Mark Eaton.
16:30 of 1st period - Slapshot by Ladislav Smid.
16:30 of 1st period - Deflect By Dustin Byfuglien.
16:30 of 1st period - Stopped by Jonathan Quick with a rebound.
16:32 of 1st period - Slapshot by Jamie McBain.
16:32 of 1st period - Shot Misses the Net.
17:00 of 1st period - Snap shot by Jean-Pierre Dumont.
17:00 of 1st period - Shot Misses the Net.
17:08 of 1st period - Matt Moulson is hit by Derek Boogaard and loses puck.
17:17 of 1st period - Wrist shot by Matt Stajan.
17:17 of 1st period - Stopped by Jonathan Quick with a rebound.
17:19 of 1st period - Wrist shot by Matt Stajan.
17:19 of 1st period - Shot Blocked by Dustin Byfuglien.
17:21 of 1st period - Slapshot by Ladislav Smid.
17:21 of 1st period - Shot Misses the Net.
17:35 of 1st period - Snap shot by Matt Stajan.
17:35 of 1st period - Shot Misses the Net.
17:37 of 1st period - Wrist shot by Brad Boyes.
17:37 of 1st period - Shot Blocked by Mark Eaton.
17:39 of 1st period - Wrist shot by Derek Boogaard.
17:39 of 1st period - Stopped by Jonathan Quick without a rebound.
17:40 of 1st period - Mike Ribeiro wins face-off versus Marc Savard in Nordiques zone.
18:05 of 1st period - Ryan Callahan is hit by Alex Goligoski and loses puck.
19:08 of 1st period - Off-side.
19:09 of 1st period - Marc Savard wins face-off versus Mike Ribeiro in neutral zone.
19:38 of 1st period - Snap shot by R.J. Umberger.
19:38 of 1st period - Stopped by Michal Neuvirth without a rebound.
19:39 of 1st period - Marc Savard wins face-off versus Mike Ribeiro in Canucks zone.
19:52 of 1st period - Snap shot by Vladimir Tarasenko.
19:52 of 1st period - Stopped by Michal Neuvirth with a rebound.
Goals for this period are 1 for Nordiques vs 1 for Canucks.
Shots for this period are 12 for Nordiques vs 9 for Canucks.
0:00 of 2nd period - Minor Penalty to Mike Ribeiro for Holding.

2nd period


0:01 of 2nd period - Matt Stajan wins face-off versus Marc Savard in neutral zone.
0:13 of 2nd period - Icing by Jay Bouwmeester.
0:14 of 2nd period - Marc Savard wins face-off versus Matt Stajan in Nordiques zone.
0:23 of 2nd period - Slapshot by Ryan Ellis.
0:23 of 2nd period - Stopped by Michal Neuvirth with a rebound.
0:25 of 2nd period - Snap shot by Mike Fisher.
0:25 of 2nd period - Stopped by Michal Neuvirth with a rebound.
0:27 of 2nd period - Slapshot by Jay Bouwmeester.
0:27 of 2nd period - Stopped by Michal Neuvirth without a rebound.
0:28 of 2nd period - Mike Fisher wins face-off versus Matt Stajan in Canucks zone.
0:39 of 2nd period - Brad Boyes is hit by Marc Savard and loses puck.
0:53 of 2nd period - Icing by Ryan Ellis.
0:54 of 2nd period - Johan Franzen wins face-off versus Marc Savard in Nordiques zone.
1:13 of 2nd period - Snap shot by Ryan Ellis.
1:13 of 2nd period - Deflect By Marc Savard.
1:13 of 2nd period - Shot Blocked by Ladislav Smid.
1:13 of 2nd period - Puck is out of play.
1:14 of 2nd period - David Legwand wins face-off versus Matt Stajan in Canucks zone.
1:24 of 2nd period - Off-side.
1:25 of 2nd period - Mike Fisher wins face-off versus Matt Stajan in neutral zone.
1:34 of 2nd period - Slapshot by Marc Savard.
1:34 of 2nd period - Shot Misses the Net.
1:36 of 2nd period - Slapshot by Marc Savard.
1:36 of 2nd period - Stopped by Michal Neuvirth without a rebound.
1:37 of 2nd period - Matt Stajan wins face-off versus Marc Savard in Canucks zone.
1:51 of 2nd period - Off-side.
1:52 of 2nd period - Marc Savard wins face-off versus Matt Stajan in neutral zone.
2:00 of 2nd period - Penalty to Mike Ribeiro is over, Mike Ribeiro is back on ice.
2:21 of 2nd period - Wrist shot by Brad Boyes.
2:21 of 2nd period - Shot Misses the Net.
2:23 of 2nd period - Slapshot by Alex Goligoski.
2:23 of 2nd period - Stopped by Jonathan Quick with a rebound.
2:25 of 2nd period - Wrist shot by Steve Montador.
2:25 of 2nd period - Stopped by Jonathan Quick with a rebound.
2:41 of 2nd period - Slapshot by Ryan Ellis.
2:41 of 2nd period - Deflect By Brad Boyes.
2:41 of 2nd period - Stopped by Michal Neuvirth without a rebound.
2:42 of 2nd period - Ryan Callahan wins face-off versus Nik Antropov in Canucks zone.
2:49 of 2nd period - Wrist shot by Chris Drury.
2:49 of 2nd period - Stopped by Michal Neuvirth without a rebound.
2:50 of 2nd period - Nik Antropov wins face-off versus Chris Drury in Canucks zone.
3:20 of 2nd period - Ryan Callahan is hit by Nik Antropov.
4:17 of 2nd period - Snap shot by R.J. Umberger.
4:17 of 2nd period - Stopped by Michal Neuvirth without a rebound.
4:18 of 2nd period - Marc Savard wins face-off versus Matt Stajan in Canucks zone.
4:18 of 2nd period - Ryan Ellis is hit by Matt Stajan.
4:27 of 2nd period - Minor Penalty to Matt Stajan for Interference.
4:28 of 2nd period - Mike Fisher wins face-off versus Mike Ribeiro in Canucks zone.
5:50 of 2nd period - Mike Ribeiro is hit by George Parros.
6:27 of 2nd period - Penalty to Matt Stajan is over, Matt Stajan is back on ice.
6:49 of 2nd period - Snap shot by Jean-Pierre Dumont.
6:49 of 2nd period - Stopped by Michal Neuvirth without a rebound.
6:50 of 2nd period - Matt Stajan wins face-off versus Paul Gaustad in Canucks zone.
7:28 of 2nd period - Mike Ribeiro is hit by George Parros and loses puck.
8:10 of 2nd period - Slapshot by Ryan Ellis.
8:10 of 2nd period - Stopped by Michal Neuvirth with a rebound.
8:12 of 2nd period - Snap shot by Vladimir Tarasenko.
8:12 of 2nd period - Stopped by Michal Neuvirth with a rebound.
8:44 of 2nd period - Jamie McBain is hit by R.J. Umberger and loses puck.
9:34 of 2nd period - Wrist shot by Brad Boyes.
9:34 of 2nd period - Shot Misses the Net.
9:44 of 2nd period - Snap shot by James Wright.
9:44 of 2nd period - Shot Misses the Net.
9:46 of 2nd period - Slapshot by Danny DeKeiser.
9:46 of 2nd period - Shot Blocked by Trevor Daley.
10:16 of 2nd period - Mark Eaton is hit by Alex Goligoski and loses puck.
11:04 of 2nd period - James Wright is hit by Chris Drury and loses puck.
11:33 of 2nd period - Chris Campoli is hit by Dustin Byfuglien and loses puck.
12:25 of 2nd period - Snap shot by Vladimir Tarasenko.
12:25 of 2nd period - Goal by Vladimir Tarasenko - Nordiques : 2 - Canucks : 1.
12:26 of 2nd period - Mike Ribeiro wins face-off versus Marc Savard in neutral zone.
13:02 of 2nd period - Snap shot by Derek Boogaard.
13:02 of 2nd period - Canucks goal is going for a video replay.
13:02 of 2nd period - The goal is refused. The puck has been directed, batted or thrown into the net by an attacking player other than with a stick..
13:03 of 2nd period - Matt Stajan wins face-off versus Chris Drury in Nordiques zone.
13:14 of 2nd period - Snap shot by Derek Boogaard.
13:14 of 2nd period - Stopped by Jonathan Quick without a rebound.
13:15 of 2nd period - Marc Savard wins face-off versus Matt Stajan in Nordiques zone.
13:40 of 2nd period - Chris Higgins is hit by R.J. Umberger and loses puck.
13:55 of 2nd period - Minor Penalty to Mike Ribeiro for Hooking.
13:56 of 2nd period - Matt Stajan wins face-off versus Marc Savard in Canucks zone.
14:02 of 2nd period - Icing by Marc Savard.
14:03 of 2nd period - Marc Savard wins face-off versus Matt Stajan in Nordiques zone.
14:23 of 2nd period - Steve Montador is hit by Marc Savard and loses puck.
15:27 of 2nd period - Snap shot by Ryan Callahan.
15:27 of 2nd period - Stopped by Michal Neuvirth without a rebound.
15:28 of 2nd period - David Legwand wins face-off versus Johan Franzen in Canucks zone.
15:42 of 2nd period - Snap shot by Ryan Callahan.
15:42 of 2nd period - Deflect By David Legwand.
15:42 of 2nd period - Stopped by Michal Neuvirth with a rebound.
15:55 of 2nd period - Penalty to Mike Ribeiro is over, Mike Ribeiro is back on ice.
17:33 of 2nd period - Fedor Tyutin is hit by Chris Higgins and loses puck.
18:58 of 2nd period - Dustin Byfuglien is hit by Alex Goligoski and loses puck.
19:22 of 2nd period - Ryan Ellis is hit by James Wright.
19:26 of 2nd period - Paul Gaustad is hit by Martins Karsums and loses puck.
Goals for this period are 1 for Nordiques vs 0 for Canucks.
Shots for this period are 13 for Nordiques vs 4 for Canucks.

3rd period


0:01 of 3rd period - Marc Savard wins face-off versus Matt Stajan in neutral zone.
0:14 of 3rd period - Wrist shot by Vladimir Tarasenko.
0:14 of 3rd period - Shot Blocked by Steve Montador.
0:16 of 3rd period - Snap shot by Mike Fisher.
0:16 of 3rd period - Stopped by Michal Neuvirth with a rebound.
0:49 of 3rd period - Slapshot by Jean-Pierre Dumont.
0:49 of 3rd period - Shot Misses the Net.
0:51 of 3rd period - Slapshot by Fedor Tyutin.
0:51 of 3rd period - Shot Blocked by Nik Antropov.
0:53 of 3rd period - Snap shot by David Legwand.
0:53 of 3rd period - Stopped by Michal Neuvirth with a rebound.
0:55 of 3rd period - Snap shot by David Legwand.
0:55 of 3rd period - Shot Blocked by Ladislav Smid.
0:59 of 3rd period - Wrist shot by Matt Moulson.
0:59 of 3rd period - Stopped by Michal Neuvirth with a rebound.
1:08 of 3rd period - Icing by Jamie McBain.
1:09 of 3rd period - James Wright wins face-off versus Marc Savard in Canucks zone.
1:09 of 3rd period - James Wright is hit by Mark Eaton.
1:16 of 3rd period - Jamie McBain is hit by Dustin Byfuglien and loses puck.
1:44 of 3rd period - Icing by Mike Ribeiro.
1:45 of 3rd period - Chris Drury wins face-off versus Mike Ribeiro in Canucks zone.
1:54 of 3rd period - Snap shot by Chris Drury.
1:54 of 3rd period - Stopped by Michal Neuvirth without a rebound.
1:55 of 3rd period - Chris Drury wins face-off versus Matt Stajan in Canucks zone.
1:58 of 3rd period - Snap shot by Chris Drury.
1:58 of 3rd period - Stopped by Michal Neuvirth without a rebound.
1:59 of 3rd period - Mike Fisher wins face-off versus Brad Boyes in Canucks zone.
2:02 of 3rd period - Wrist shot by Vladimir Tarasenko.
2:02 of 3rd period - Stopped by Michal Neuvirth with a rebound.
2:04 of 3rd period - Snap shot by Ryan Ellis.
2:04 of 3rd period - Deflect By Marc Savard.
2:04 of 3rd period - Goal by Marc Savard - Nordiques : 3 - Canucks : 1.
2:05 of 3rd period - Derek Boogaard wins face-off versus Marc Savard in neutral zone.
2:08 of 3rd period - Slapshot by Alex Goligoski.
2:08 of 3rd period - Shot Misses the Net.
2:10 of 3rd period - Wrist shot by Brad Boyes.
2:10 of 3rd period - Stopped by Jonathan Quick with a rebound.
2:14 of 3rd period - Snap shot by Brad Boyes.
2:14 of 3rd period - Stopped by Jonathan Quick with a rebound.
2:16 of 3rd period - Slapshot by Matt Stajan.
2:16 of 3rd period - Stopped by Jonathan Quick without a rebound.
2:17 of 3rd period - Marc Savard wins face-off versus Matt Stajan in Nordiques zone.
2:22 of 3rd period - Snap shot by Derek Boogaard.
2:22 of 3rd period - Shot Misses the Net.
3:10 of 3rd period - Minor Penalty to Jean-Pierre Dumont for Goalie Interference.
3:11 of 3rd period - Matt Stajan wins face-off versus Marc Savard in Nordiques zone.
3:12 of 3rd period - Snap shot by Alex Goligoski.
3:12 of 3rd period - Stopped by Jonathan Quick with a rebound.
3:14 of 3rd period - Slapshot by Alex Goligoski.
3:14 of 3rd period - Shot Blocked by Fedor Tyutin.
3:16 of 3rd period - Slapshot by Alex Goligoski.
3:16 of 3rd period - Deflect By Matt Stajan.
3:16 of 3rd period - Goal by Matt Stajan - Nordiques : 3 - Canucks : 2.
3:17 of 3rd period - Matt Stajan wins face-off versus Marc Savard in neutral zone.
3:20 of 3rd period - Snap shot by Alex Goligoski.
3:20 of 3rd period - Deflect By Derek Boogaard.
3:20 of 3rd period - Shot Blocked by Ryan Ellis.
3:20 of 3rd period - Puck is out of play.
3:21 of 3rd period - Matt Stajan wins face-off versus Marc Savard in Nordiques zone.
3:31 of 3rd period - Minor Penalty to Alex Goligoski for High sticking.
3:32 of 3rd period - Marc Savard wins face-off versus Matt Stajan in Canucks zone.
3:34 of 3rd period - Snap shot by Marc Savard.
3:34 of 3rd period - Shot Hit the Post.
5:01 of 3rd period - Jamie McBain is hit by Marc Savard.
5:31 of 3rd period - Penalty to Alex Goligoski is over, Alex Goligoski is back on ice.
5:56 of 3rd period - Wrist shot by Chris Drury.
5:56 of 3rd period - Stopped by Michal Neuvirth without a rebound.
5:57 of 3rd period - Nik Antropov wins face-off versus Chris Drury in Canucks zone.
6:12 of 3rd period - Slapshot by Jamie McBain.
6:12 of 3rd period - Deflect By Nik Antropov.
6:12 of 3rd period - Stopped by Jonathan Quick without a rebound.
6:13 of 3rd period - Mike Fisher wins face-off versus James Wright in Nordiques zone.
6:57 of 3rd period - Off-side.
6:58 of 3rd period - Chris Drury wins face-off versus Nik Antropov in neutral zone.
7:00 of 3rd period - Off-side.
7:01 of 3rd period - Brad Boyes wins face-off versus Chris Drury in neutral zone.
7:46 of 3rd period - Icing by Chris Drury.
7:47 of 3rd period - Chris Drury wins face-off versus Johan Franzen in Nordiques zone.
7:56 of 3rd period - Snap shot by Nik Antropov.
7:56 of 3rd period - Deflect By Ryan Hollweg.
7:56 of 3rd period - Stopped by Jonathan Quick without a rebound.
7:57 of 3rd period - Nik Antropov wins face-off versus Marc Savard in Nordiques zone.
8:41 of 3rd period - Off-side.
8:42 of 3rd period - Matt Stajan wins face-off versus George Parros in neutral zone.
8:45 of 3rd period - Jay Bouwmeester is hit by Matt Stajan and loses puck.
9:08 of 3rd period - Alex Goligoski is hit by Mike Fisher and loses puck.
9:33 of 3rd period - Mark Eaton is hit by Martins Karsums and loses puck.
9:50 of 3rd period - Slapshot by Ryan Hollweg.
9:50 of 3rd period - Stopped by Jonathan Quick without a rebound.
9:51 of 3rd period - David Legwand wins face-off versus Nik Antropov in Nordiques zone.
10:16 of 3rd period - Alex Goligoski is hit by Marc Savard and loses puck.
10:21 of 3rd period - Snap shot by Marc Savard.
10:21 of 3rd period - Stopped by Michal Neuvirth without a rebound.
10:22 of 3rd period - Matt Stajan wins face-off versus Marc Savard in Canucks zone.
10:53 of 3rd period - Slapshot by Matt Moulson.
10:53 of 3rd period - Deflect By Jean-Pierre Dumont.
10:53 of 3rd period - Shot Blocked by Jamie McBain.
10:53 of 3rd period - Puck is out of play.
10:54 of 3rd period - David Legwand wins face-off versus Mike Ribeiro in Canucks zone.
11:03 of 3rd period - Snap shot by Jean-Pierre Dumont.
11:03 of 3rd period - Stopped by Michal Neuvirth without a rebound.
11:04 of 3rd period - Mike Ribeiro wins face-off versus Marc Savard in Canucks zone.
11:11 of 3rd period - Slapshot by Alex Goligoski.
11:11 of 3rd period - Stopped by Jonathan Quick without a rebound.
11:12 of 3rd period - Marc Savard wins face-off versus Matt Stajan in Nordiques zone.
11:23 of 3rd period - Snap shot by Matt Stajan.
11:23 of 3rd period - Stopped by Jonathan Quick without a rebound.
11:24 of 3rd period - Brad Boyes wins face-off versus Marc Savard in Nordiques zone.
11:24 of 3rd period - Alex Goligoski is hit by Ryan Ellis and loses puck.
11:30 of 3rd period - Minor Penalty to Jay Bouwmeester for Tripping.
11:31 of 3rd period - Marc Savard wins face-off versus Matt Stajan in Nordiques zone.
11:47 of 3rd period - Snap shot by Derek Boogaard.
11:47 of 3rd period - Shot Misses the Net.
12:23 of 3rd period - Kyle Calder is hit by Matt Stajan and loses puck.
12:44 of 3rd period - Matt Stajan is hit by David Legwand.
12:48 of 3rd period - Brad Boyes is hit by Paul Gaustad and loses puck.
12:53 of 3rd period - Slapshot by Ryan Ellis.
12:53 of 3rd period - Deflect By Paul Gaustad.
12:53 of 3rd period - Shot Misses the Net.
12:53 of 3rd period - Puck is out of play.
12:54 of 3rd period - Jiri Hudler wins face-off versus Marc Savard in Canucks zone.
13:17 of 3rd period - Brad Boyes is hit by Paul Gaustad.
13:30 of 3rd period - Penalty to Jay Bouwmeester is over, Jay Bouwmeester is back on ice.
13:37 of 3rd period - Wrist shot by Chris Drury.
13:37 of 3rd period - Goal by Chris Drury - Nordiques : 4 - Canucks : 2.
13:38 of 3rd period - Vladimir Tarasenko wins face-off versus Matt Stajan in neutral zone.
13:41 of 3rd period - Slapshot by Ryan Ellis.
13:41 of 3rd period - Deflect By Vladimir Tarasenko.
13:41 of 3rd period - Shot Misses the Net.
13:41 of 3rd period - Puck is out of play.
13:42 of 3rd period - Marc Savard wins face-off versus Matt Stajan in Canucks zone.
14:18 of 3rd period - Slapshot by Ryan Ellis.
14:18 of 3rd period - Stopped by Michal Neuvirth without a rebound.
14:19 of 3rd period - Marc Savard wins face-off versus Matt Stajan in Canucks zone.
14:20 of 3rd period - Wrist shot by Vladimir Tarasenko.
14:20 of 3rd period - Shot Misses the Net.
14:32 of 3rd period - Wrist shot by Matt Stajan.
14:32 of 3rd period - Shot Misses the Net.
14:34 of 3rd period - Snap shot by Jamie McBain.
14:34 of 3rd period - Stopped by Jonathan Quick with a rebound.
14:51 of 3rd period - Slapshot by Chris Campoli.
14:51 of 3rd period - Shot Blocked by Ryan Callahan.
16:14 of 3rd period - Snap shot by Chris Higgins.
16:14 of 3rd period - Stopped by Jonathan Quick without a rebound.
16:15 of 3rd period - Mike Ribeiro wins face-off versus David Legwand in Nordiques zone.
16:59 of 3rd period - Backhand shot by Ryan Callahan.
16:59 of 3rd period - Stopped by Michal Neuvirth with a rebound.
17:01 of 3rd period - Snap shot by Chris Drury.
17:01 of 3rd period - Stopped by Michal Neuvirth with a rebound.
17:03 of 3rd period - Snap shot by Ryan Callahan.
17:03 of 3rd period - Stopped by Michal Neuvirth without a rebound.
17:04 of 3rd period - David Legwand wins face-off versus Mike Ribeiro in Canucks zone.
17:09 of 3rd period - Snap shot by Jean-Pierre Dumont.
17:09 of 3rd period - Shot Misses the Net.
17:19 of 3rd period - Slapshot by Jean-Pierre Dumont.
17:19 of 3rd period - Stopped by Michal Neuvirth with a rebound.
17:29 of 3rd period - Trevor Daley is hit by Jiri Hudler and loses puck.
17:38 of 3rd period - Wrist shot by Jiri Hudler.
17:38 of 3rd period - Stopped by Jonathan Quick without a rebound.
17:39 of 3rd period - David Legwand wins face-off versus Brad Boyes in Nordiques zone.
18:46 of 3rd period - Fedor Tyutin is hit by Matt Stajan and loses puck.
19:55 of 3rd period - Wrist shot by George Parros.
19:55 of 3rd period - Shot Blocked by Jamie McBain.
Goals for this period are 2 for Nordiques vs 1 for Canucks.
Shots for this period are 16 for Nordiques vs 13 for Canucks.